Map: Dreamcatcher LE

Players

Nerchio

  • Race: Zerg Zerg
  • League: Grandmaster
  • Spawn Location: 5:00

Krystianer - Winner!

  • Race: Protoss Protoss
  • League: Grandmaster
  • Spawn Location: 11:00

VOD

Have the link to the VOD?

Description

Time

  • Played on: Aug. 29, 2018, 9:11 a.m.
  • Length: 8:40
Show
View Real Time Build Order
Export as new Build Order

Nerchio Zerg 

Build Orders: Hatch First, Swarm Host 

Get SALT Encoding   

  12  0:00  Drone  
  13  0:12  Overlord  
  13  0:17  Drone  
  14  0:30  Drone x2  
  16  0:49  Hatchery  
  15  0:51  Drone  
  15  0:56  Drone  
  17  0:59  Drone  
  18  1:06  Extractor  
  17  1:17  Spawning Pool  
  16  1:18  Drone  
  16  1:23  Drone  
  18  1:28  Drone  
  19  1:38  Overlord  
  19  1:50  Drone  
  20  2:03  Queen x2  
  20  2:06  Metabolic Boost  
  24  2:08  Zergling x2  
  24  2:12  Zergling x2  
  26  2:15  Drone  
  26  2:18  Drone  
  26  2:22  Drone  
  29  2:23  Drone  
  30  2:41  Hatchery  
  30  2:43  Drone  
  30  2:45  Drone  
  30  2:47  Drone  
  32  2:54  Queen  
  34  3:00  Overlord  
  34  3:04  Drone x2  
  36  3:23  Drone x7  
  41  3:32  Drone  
  41  3:36  Drone  
  41  3:37  Drone  
  43  3:41  Overlord  
  43  3:45  Overlord  
  43  3:54  Drone x3  
  42  4:00  Drone  
  42  4:01  Drone x2  
  44  4:03  Drone  
  44  4:05  Drone  
  44  4:07  Drone  
  47  4:11  Spore Crawler, Drone  
  47  4:14  Spore Crawler  
  47  4:16  Drone  
  47  4:19  Spore Crawler  
  47  4:21  Drone  
  47  4:23  Drone  
  47  4:24  Drone  
  49  4:26  Drone  
  49  4:27  Drone  
  49  4:29  Drone  
  49  4:30  Drone  
  53  4:35  Drone x2  
  53  4:36  Drone  
  53  4:37  Drone  
  53  4:38  Drone  
  58  4:39  Drone  
  58  4:41  Drone  
  58  4:42  Drone  
  58  4:45  Overlord  
  61  4:48  Overlord  
  61  4:53  Roach Warren  
  61  4:56  Queen  
  61  4:59  Queen  
  64  5:02  Extractor  
  64  5:03  Overlord  
  64  5:05  Extractor  
  62  5:11  Extractor, Drone x4  
  65  5:15  Zergling x12  
  71  5:26  Drone x3  
  71  5:30  Drone x2  
  71  5:31  Drone x5  
  71  5:35  Drone x4  
  81  5:39  Lair  
  81  5:45  Roach x2  
  81  5:46  Overlord  
  85  5:50  Overlord x2  
  81  6:05  Roach x3  
  81  6:08  Roach x4  
  81  6:09  Evolution Chamber, Roach x3  
  81  6:10  Roach  
  102  6:14  Roach x2  
  102  6:16  Extractor  
  102  6:18  Evolution Chamber, Overlord  
  104  6:21  Overlord  
  102  6:28  Drone x3  
  105  6:34  Zerg Missile Weapons Level 1  
  105  6:37  Glial Reconstitution  
  105  6:38  Infestation Pit  
  105  6:39  Overlord  
  104  6:41  Queen  
  104  6:44  Roach x4  
  104  6:46  Roach  
  116  6:49  Roach x2  
  116  6:51  Queen  
  122  6:55  Overlord  
  122  6:56  Overlord  
  122  6:58  Overseer  
  122  7:01  Overlord  
  122  7:04  Overlord  
  122  7:18  Swarm Host x5  
  122  7:19  Swarm Host  
  140  7:27  Swarm Host  
  140  7:28  Overlord x2  
  143  7:33  Roach  
  143  7:34  Roach x4  
  143  7:37  Roach, Overlord  
  155  7:38  Overlord  
  146  7:55  Roach x9  
  146  7:58  Roach  
  141  8:01  Roach  
  141  8:03  Roach  
  127  8:06  Roach  
  127  8:10  Roach  
  127  8:11  Roach  
  118  8:13  Roach  
  118  8:16  Roach  
  104  8:21  Roach  
  104  8:22  Zergling x2  
Show
View Real Time Build Order
Export as new Build Order

Krystianer Protoss - Winner!

Build Orders: 1 Gate Expand, Oracle Opening, Zealot Archon 

Get SALT Encoding   

  12  0:00  Probe  
  13  0:12  Probe  
  14  0:17  Pylon  
  14  0:23  Probe  
  15  0:32  Probe  
  15  0:39  Gateway  
  15  0:40  Probe  
  16  0:49  Assimilator  
  17  0:51  Probe  
  18  1:03  Probe  
  19  1:15  Probe  
  20  1:26  Nexus  
  20  1:36  Cybernetics Core  
  20  1:41  Assimilator  
  20  1:44  Probe  
  21  1:54  Pylon  
  21  1:56  Probe  
  22  2:04  Adept  
  22  2:09  Probe  
  25  2:18  Stargate  
  25  2:21  Probe  
  25  2:22  Adept  
  26  2:33  Warp Gate, Probe  
  26  2:34  Probe  
  29  2:42  Probe  
  30  2:46  Probe  
  32  2:51  Oracle  
  32  2:52  Probe  
  34  2:58  Probe  
  37  3:06  Shield Battery  
  37  3:10  Adept  
  37  3:11  Probe  
  40  3:14  Probe  
  41  3:23  Probe  
  41  3:26  Probe  
  43  3:32  Gateway  
  39  3:35  Probe  
  39  3:36  Probe  
  39  3:39  Robotics Facility  
  41  3:42  Assimilator  
  41  3:44  Probe  
  41  3:45  Assimilator  
  41  3:47  Probe  
  42  3:52  Probe  
  43  3:59  Probe  
  45  4:03  Pylon  
  45  4:04  Probe  
  45  4:05  Twilight Council  
  46  4:17  Warp Prism, Gateway  
  46  4:18  Gateway  
  46  4:21  Pylon  
  46  4:22  Probe x2  
  50  4:43  Templar Archives, Adept x2  
  54  4:53  Pylon  
  54  4:59  Nexus  
  54  5:01  Probe  
  55  5:09  Probe  
  55  5:10  Forge  
  55  5:13  Probe  
  57  5:22  Immortal  
  57  5:23  Probe  
  56  5:29  High Templar x4  
  56  5:34  Archon  
  56  5:35  Archon, Pylon  
  66  5:37  Protoss Ground Weapons Level 1  
  66  5:38  Gateway  
  66  5:40  Gateway  
  66  5:42  Probe  
  67  5:44  Probe  
  67  5:47  Charge  
  68  5:56  Probe  
  69  6:00  Probe  
  69  6:01  Immortal  
  70  6:08  Gateway  
  70  6:09  Gateway  
  70  6:13  Probe  
  70  6:14  Probe  
  76  6:21  Pylon  
  77  6:26  Probe  
  77  6:29  High Templar x2  
  77  6:30  Immortal  
  77  6:31  Assimilator  
  77  6:32  Assimilator, Probe  
  82  6:36  Pylon  
  82  6:37  Archon, Probe  
  83  6:40  Probe  
  83  6:44  Probe  
  83  6:46  Probe  
  89  6:52  Probe  
  91  6:58  High Templar x2  
  91  7:01  Zealot x3, Pylon  
  99  7:02  Archon, Pylon  
  101  7:09  Zealot x3  
  107  7:18  Probe  
  108  7:34  Zealot x6  
  108  7:35  Zealot x2  
  108  7:37  Probe  
  125  7:45  Pylon  
  125  7:49  Pylon  
  117  7:56  Zealot x7  
  119  7:59  Zealot  
  113  8:08  Probe  
  106  8:18  Zealot x7  
  106  8:19  Zealot  
  112  8:22  Probe  
  112  8:26  Probe  
Tags
 
Add a new tag
Caveats
  • Supply blocks, unpowered buildings, or Contaminate may cause inaccurate times.
  • Supply counts are checked every 10 seconds.